 Dungeon Crawl Stone Soup version 0.30.1-11-g7821555f0a (webtiles) character file.

Game seed: 10604127951034745187

9492 ChrisAssaf the Digger (level 11, -3/85 HPs)
             Began as a Yellow Draconian Earth Elementalist on Jan 4, 2024.
             Was a High Priest of Cheibriados.
             Slain by a red draconian
             ... wielding a +0 long sword
              (18 damage)
             ... in a volcano.
             The game lasted 00:49:21 (9597 turns).

ChrisAssaf the Digger (DrEE)                        Turns: 9597, Time: 00:49:22

Health: -3/85      AC:  8    Str: 29    XL:     11   Next: 23%
Magic:  9/17       EV: 17    Int: 34    God:    Cheibriados [*****.]
Gold:   423        SH:  0    Dex: 30    Spells: 5/21 levels left

rFire   + . .        c - +2 halberd (distort)
rCold   + . .        (shield currently unavailable)
rNeg    . . .        (body armour unavailable)
rPois   +            (helmet restricted)
rElec   .            (no cloak)
rCorr   +            (no gloves)
SInv    +            w - +0 pair of boots of Uxiddu {rPois rC+ Str+4}
Will    .....        i - amulet of regeneration
Stlth   ++++         m - +6 ring of dexterity
HPRegen 1.14/turn    p - ring "Earthly Heaven" {rF+ Int+5 SInv}
MPRegen 0.15/turn

%: no passive effects
@: short of breath, very slow
A: spit acid, AC +7, unfitting armour, cold-blooded, acid resistance, talons 1,
low MP 1
a: Breathe Acid, Renounce Religion, Bend Time, Temporal Distortion, Slouch, Step
From Time


You were in a volcano.
You worshipped Cheibriados.
Cheibriados was extremely pleased with you.
You visited 2 branches of the dungeon, and saw 9 of its levels.
You also visited: Sewer and Volcano.

You collected 616 gold pieces.
You spent 193 gold pieces at shops.

Inventory:

Hand Weapons
 c - a +2 halberd of distortion (weapon)
 d - a +5 dagger
 n - a +2 short sword of venom
Missiles
 q - a curare-tipped dart
 s - 3 boomerangs (quivered)
 A - 6 silver boomerangs
 E - 6 javelins
Armour
 w - the +0 pair of boots of Uxiddu (worn) {rPois rC+ Str+4}
   (You acquired it on level 6 of the Dungeon)

   Str:       It affects your strength (+4).
   rC:        It protects you from cold.
   rPois:     It protects you from poison.
Jewellery
 i - an amulet of regeneration (around neck)
 m - a +6 ring of dexterity (left hand)
 p - the ring "Earthly Heaven" (right hand) {rF+ Int+5 SInv}
   (You found it in a sewer)

   [ring of protection from fire]

   Int:       It affects your intelligence (+5).
   rF:        It protects you from fire.
   SInv:      It lets you see invisible.
 t - a ring of wizardry
Wands
 r - a wand of iceblast (12)
 B - a wand of flame (21)
 G - a wand of polymorph (4)
Scrolls
 e - a scroll of noise
 l - a scroll of poison
 o - 3 scrolls of teleportation
 u - a scroll of magic mapping
 x - a scroll of summoning {unknown}
 y - a scroll of torment {unknown}
 F - a scroll of vulnerability
 H - a scroll of enchant armour {unknown}
Potions
 a - 3 potions of attraction
 b - 2 potions of ambrosia
 f - a potion of invisibility
 g - 2 potions of magic
 h - 4 potions of haste
 j - a potion of mutation
 v - 2 potions of flight {unknown}
 z - a potion of degeneration {unknown}
 C - a potion of brilliance {unknown}
 D - a potion of lignification


   Skills:
 * Level 4.8 Fighting
 - Level 3.2 Short Blades
 * Level 3.8 Polearms
 * Level 4.3 Throwing
 * Level 5.0 Dodging
 * Level 5.7 Stealth
 + Level 0.2 Unarmed Combat
 * Level 5.9 Spellcasting
 * Level 4.1 Conjurations
 * Level 4.8 Transmutations
 * Level 3.0 Ice Magic
 * Level 6.6 Earth Magic
 * Level 4.0 Poison Magic
 * Level 4.7 Invocations
 * Level 3.5 Evocations


You had 5 spell levels left.
You knew the following spells:

 Your Spells              Type           Power      Damage    Failure   Level
a - Sandblast             Erth           100%       2d20      1%          1
b - Passwall              Tmut/Erth      40%        N/A       1%          2
c - Stone Arrow           Conj/Erth      92%        3d12      1%          3
d - Petrify               Tmut/Erth      49%        N/A       3%          4
e - Spider Form           Tmut/Pois      40%        N/A       1%          3
f - Frozen Ramparts       Ice            60%        1d10      3%          3

Your spell library contained the following spells:

 Spells                   Type           Power      Damage    Failure   Level
 Beastly Appendage        Tmut           86%        N/A       1%          1
 Freeze                   Ice            100%       1d10      1%          1
 Wereblood                Tmut           43%        N/A       1%          2
 Hailstorm                Conj/Ice       34%        3d9       2%          3
 Ozocubu's Armour         Ice            30%        N/A       3%          3
 Ozocubu's Refrigeration  Ice            15%        4d10      100%        7


Dungeon Overview and Level Annotations

Branches:
Dungeon (8/15)             Temple (0/1) D:7            Lair (1/5) D:8
  Sewer (visited)         Volcano (1/1)

Altars:
Ashenzari
Cheibriados
Kikubaaqudgha
Makhleb
Okawaru
Zin
The Shining One

Shops:
D:1 [*?


Innate Abilities, Weirdness & Mutations

You can spit globs of acid.
Your golden yellow scales are hard. (AC +7)
You cannot fit into any form of body armour.
You are cold-blooded and may be slowed by cold attacks.
You are resistant to acid. (rCorr)
You have sharp toenails.
Your magical capacity is low. (-10% MP)


Message History

You fade into invisibility!
The red draconian breathes fire at you. The searing blast misses you.
The red draconian breathes fire at something.
You have got your breath back.
The red draconian breathes fire at you. The searing blast hits you! You resist.
* * * LOW HITPOINT WARNING * * *
Really walk into that cloud of flame? [Y]es or [N]o only, please.
Really walk into that cloud of flame?
Okay, then.
The red draconian hits you with a +0 long sword!
* * * LOW HITPOINT WARNING * * *
The red draconian breathes fire at you. The searing blast misses you.
Casting: Stone Arrow (safe; 1% risk of failure)
Confirm with . or Enter, or press ? or * to list all spells.
Aiming: Stone Arrow (safe; 1% risk of failure)
Press: ? - help, Shift-Dir - straight line, f - red draconian
Aim: a red draconian, wielding a +0 long sword (lightly wounded, unable to see you, catching its breath, 76% to hit)
The stone arrow hits the red draconian!
The red draconian is lightly wounded.
You flicker for a moment.
The red draconian misses you.
Casting: Stone Arrow (safe; 1% risk of failure)
Confirm with . or Enter, or press ? or * to list all spells.
Okay, then.
Press: ? - help, Shift-Dir - straight line, f/p - red draconian
Aim: a red draconian, wielding a +0 long sword (lightly wounded, unable to see you, catching its breath, 64% to hit)
You spit a glob of acid.
The glob of acid hits the red draconian!!
The red draconian is moderately wounded.
Unknown command.
The red draconian breathes fire at you.
The searing blast hits you but does no damage.
You resist.
You flicker back into view.
The red draconian hits you with a +0 long sword!!
You die...

.......# .......#
8.....8# #++#''##
#.....###############
.8...8..........°.~~#
...⌠.......).).)..~~#
#.....##########..###
#.....# ###### #@.#
#8...8# #.##.# #d.#
#########'##'###..#
#..).....d....#
#..)..........#
##''############
#....## #.#§..#
#~~~#..#


You could see a red draconian (catching breath).

Vanquished Creatures
  Pikel (D:7)
  An orc knight (Volcano)
  2 salamanders (Volcano)
  4 gargoyles
  Maggie (D:6)
  A troll (D:8)
  Grinder (Sewer)
  A yak (D:8)
  2 wyverns (D:8)
  4 steam dragons
  5 water moccasins
  Duvessa (D:6)
  2 orc warriors
  2 black bears
  An ice beast (D:7)
  2 centaurs
  An ogre (D:4)
  A lemure (D:7)
  4 kobold brigands
  6 bullfrogs
  A gnoll sergeant (D:6)
  3 scorpions
  Dowan (D:6)
  4 killer bees (D:5)
  2 howler monkeys
  2 quasits (Sewer)
  A jelly (D:5)
  6 orc priests
  9 hounds
  Crazy Yiuf (D:6)
  A sleepcap (D:6)
  2 iguanas (D:5)
  5 orc wizards
  A mummy (D:4)
  8 gnolls
  15 adders
  4 shadow imps
  A white imp (D:7)
  4 ufetubi
  3 worms (D:2)
  5 dart slugs
  44 orcs
  4 bats
  6 endoplasms
  6 giant cockroaches
  6 goblins
  10 hobgoblins
  4 quokkas
  10 ball pythons
  2 frilled lizards
  30 kobolds
  2 kobold zombies (Sewer)
  6 rats
252 creatures vanquished.

Vanquished Creatures (others)
  An iguana (D:6)
  A gnoll (D:6)
  An endoplasm (Sewer)
  A giant cockroach zombie (Sewer)
  A kobold zombie (Sewer)
5 creatures vanquished.

Grand Total: 257 creatures vanquished

Notes
Turn   | Place    | Note
-------+----------+-------------------------------------------
     0 | D:1      | ChrisAssaf the Draconian Earth Elementalist began the quest
                  | for the Orb.
     0 | D:1      | Reached XP level 1. HP: 14/14 MP: 3/3
   151 | D:1      | Reached XP level 2. HP: 22/22 MP: 3/5
   154 | D:1      | Learned a level 2 spell: Passwall
   376 | D:2      | Reached XP level 3. HP: 27/27 MP: 2/6
   380 | D:2      | Learned a level 3 spell: Stone Arrow
   581 | D:3      | Noticed a scorpion
   801 | D:2      | Killed a scorpion
   802 | D:2      | Reached skill level 1 in Fighting
   802 | D:2      | Reached skill level 4 in Earth Magic
   802 | D:2      | Reached XP level 4. HP: 29/35 MP: 1/8
  1337 | D:4      | Reached XP level 5. HP: 40/40 MP: 5/9
  1412 | D:4      | Found a snail-covered altar of Cheibriados.
  1449 | D:4      | Became a worshipper of Cheibriados the Contemplative
  1568 | D:4      | Noticed an ogre
  1586 | D:4      | Killed an ogre
  1739 | D:4      | Learned a level 4 spell: Petrify
  1761 | D:4      | Reached XP level 6. HP: 48/48 MP: 0/11
  1911 | D:4      | Reached skill level 1 in Short Blades
  1911 | D:4      | Reached skill level 1 in Conjurations
  2214 | D:4      | Reached skill level 1 in Throwing
  2670 | D:3      | Reached skill level 1 in Invocations
  2714 | D:3      | Your scales start taking on a golden yellow colour.
  2714 | D:3      | Reached XP level 7. HP: 46/55 MP: 0/12
  2714 | D:3      | Gained mutation: You are resistant to acid. (rCorr) [Yellow
                  | Draconian growth]
  2756 | D:3      | Reached * piety under Cheibriados
  4160 | D:1      | Found Leguttee's Assorted Antiques.
  4169 | D:1      | Bought a fuming blue potion for 21 gold pieces
  4169 | D:1      | Bought a scroll of identify for 48 gold pieces
  4169 | D:1      | Bought 2 scrolls of identify for 96 gold pieces
  4172 | D:1      | Gained mutation: Your magical capacity is low. (-10% MP)
                  | [potion of mutation]
  4172 | D:1      | Gained mutation: You have sharp toenails. [potion of
                  | mutation]
  4179 | D:1      | Found Qiggaoga's Armour Shoppe.
  4190 | D:1      | Learned a level 3 spell: Spider Form
  4453 | D:1      | Found Faofem's Magic Scroll Shop.
  4457 | D:1      | Bought a scroll of identify for 28 gold pieces
  5214 | D:5      | Entered Level 5 of the Dungeon
  5289 | D:5      | Found a glowing drain.
  5312 | Sewer    | Entered a sewer
  5316 | Sewer    | Reached ** piety under Cheibriados
  5565 | Sewer    | Found a burning altar of Makhleb.
  5581 | Sewer    | Noticed Grinder
  5587 | Sewer    | Paralysed by Grinder for 4 turns
  5593 | Sewer    | Killed Grinder
  5594 | Sewer    | Reached XP level 8. HP: 62/62 MP: 0/12
  5804 | Sewer    | Identified the ring "Earthly Heaven" {rF+ Int+5 SInv}
  5832 | Sewer    | Reached skill level 1 in Poison Magic
  6006 | D:5      | Reached *** piety under Cheibriados
  6007 | D:5      | Reached skill level 5 in Earth Magic
  6141 | D:5      | Found a glowing golden altar of the Shining One.
  6652 | D:5      | Found an iron altar of Okawaru.
  6694 | D:5      | Found an ancient bone altar of Kikubaaqudgha.
  6892 | D:5      | Reached skill level 1 in Evocations
  6898 | D:5      | Noticed a gargoyle
  6910 | D:5      | Killed a gargoyle
  6911 | D:5      | Reached XP level 9. HP: 37/70 MP: 2/14
  7093 | D:6      | Reached **** piety under Cheibriados
  7283 | D:6      | Found a broken altar of Ashenzari.
  7368 | D:6      | Learned a level 3 spell: Frozen Ramparts
  7384 | D:6      | Noticed Dowan
  7385 | D:6      | Noticed Duvessa
  7392 | D:6      | Killed Duvessa
  7397 | D:6      | Killed Dowan
  7411 | D:6      | Identified a scroll of acquirement
  7411 | D:6      | Acquired the +0 pair of boots of Uxiddu {rPois rC+ Str+4}
  7444 | D:6      | Found a runed translucent door.
  7445 | D:6      | Noticed Crazy Yiuf
  7451 | D:6      | Killed Crazy Yiuf
  7526 | D:6      | Noticed Maggie
  7541 | D:6      | Killed Maggie
  7542 | D:6      | Reached skill level 5 in Spellcasting
  7559 | D:6      | Reached skill level 1 in Ice Magic
  7858 | D:7      | Found a staircase to the Ecumenical Temple.
  7950 | D:7      | Noticed Pikel
  7974 | D:7      | Killed Pikel
  7975 | D:7      | Reached skill level 1 in Polearms
  7995 | D:7      | Reached ***** piety under Cheibriados
  8292 | D:7      | Reached skill level 5 in Stealth
  8293 | D:7      | Reached XP level 10. HP: 78/78 MP: 9/16
  8581 | D:8      | Found a burning altar of Makhleb.
  8629 | D:8      | Reached skill level 6 in Earth Magic
  8674 | D:8      | Found a glowing silver altar of Zin.
  8961 | D:8      | Found a staircase to the Lair.
  9254 | Lair:1   | Entered Level 1 of the Lair of Beasts
  9319 | Lair:1   | Found a dark tunnel.
  9329 | Volcano  | Entered a volcano
  9334 | Volcano  | Noticed a cyclops
  9339 | Volcano  | Banished a cyclops
  9359 | Volcano  | Noticed a salamander
  9369 | Volcano  | Killed a salamander
  9404 | Volcano  | Noticed a gargoyle
  9405 | Volcano  | Noticed a gargoyle
  9411 | Volcano  | Killed a gargoyle
  9414 | Volcano  | Killed a gargoyle
  9437 | Volcano  | Noticed a gargoyle
  9444 | Volcano  | Banished a gargoyle
  9444 | Volcano  | Noticed a gargoyle
  9445 | Volcano  | Reached XP level 11. HP: 55/85 MP: 13/17
  9534 | Volcano  | Noticed an orc knight
  9565 | Volcano  | Noticed a red draconian
  9575 | Volcano  | Reached skill level 5 in Dodging
  9579 | Volcano  | Killed an orc knight
  9579 | Volcano  | HP: 2/85 [red draconian/searing blast (9)]
  9597 | Volcano  | Slain by a red draconian

Illustrated notes

Levels and vault maps discovered:
D:1:      minmay_arrival_diagonal_passages, layout_basic, serial_shops, shop,
          shop, shop
D:2:      layout_loops_ring, hangedman_decor_opposing, st_stairs_4,
          kennysheep_generic_room_9
D:3:      layout_loops_cross, corner_web_ring
D:4:      layout_gridville, slow_altar_1
D:5:      layout_loops_cross, mainiacjoe_overflow_catch_the_wave,
          amcnicky_altar_gilded, portal_sewer_entry_d, kennysheep_generic_room_7
D:6:      layout_cave_pools, kennysheep_mini, uniq_grinder, uniq_duvessa,
          uniq_maggie, uniq_crazy_yiuf_cottage
D:7:      layout_cave_pools, minmay_temple_entry_large_hall, uniq_pikel
D:8:      layout_rooms, bloody_makhleb, overflow_temple_1_default,
          due_lair_maze_entry_diamond
Lair:1:   layout_cave_pods, enter_volcano_1, small_statue_intersection,
          beast_lair_carwin_4, grunt_megastairs_5
Volcano:  hellmonk_zot_springs

Skill      XL: |  1  2  3  4  5  6  7  8  9 10 11 |
---------------+----------------------------------+-----
Stealth        | 2 3 4 5 |  5.7
Fighting       | 1 2 3 4 |  4.8
Dodging        | 2 3 4 5 |  5.0
Earth Magic    | 4 5 6 |  6.6
Spellcasting   | 3 4 5 |  5.9
Short Blades   | 1 2 3 |  3.2
Conjurations   | 1 2 3 4 |  4.1
Throwing       | 1 2 3 4 |  4.3
Transmutations | 2 3 4 |  4.8
Invocations    | 1 2 3 4 |  4.7
Poison Magic   | 2 3 4 |  4.0
Evocations     | 1 2 3 |  3.5
Ice Magic      | 1 2 3 |  3.0
Polearms       | 1 3 |  3.8
Unarmed Combat | |  0.2

Action                     |  1- 3 |  4- 6 |  7- 9 | 10-12 || total
---------------------------+-------+-------+-------+-------++-------
  Melee: Unarmed           |     2 |     7 |     7 |       ||    16
         Dagger            |       |    79 |    40 |       ||   119
         Tailslap          |       |     9 |    15 |    10 ||    34
         Punch             |       |     2 |       |       ||     2
         Kick              |       |       |     7 |       ||     7
         Short sword       |       |       |    26 |       ||    26
         Halberd           |       |       |    20 |    56 ||    76
  Throw: Boomerang         |       |    28 |    86 |    19 ||   133
   Cast: Sandblast         |    30 |    23 |    26 |    11 ||    90
         Stone Arrow       |     3 |    23 |    73 |    37 ||   136
         Petrify           |       |     2 |     2 |       ||     4
         Spider Form       |       |       |     3 |       ||     3
 Invoke: Temporal Distorti |       |       |     1 |       ||     1
         Slouch            |       |       |       |     2 ||     2
Ability: Breathe Acid      |       |       |    29 |    17 ||    46
  Evoke: Wand              |       |       |     3 |     2 ||     5
    Use: Scroll            |     3 |     5 |    12 |     3 ||    23
         Potion            |     2 |     3 |     4 |     4 ||    13
   Stab: Petrified         |       |     3 |     3 |       ||     6
         Sleeping          |       |     1 |    17 |     1 ||    19
 Armour: Skin              |     4 |    51 |    47 |    32 ||   134
  Dodge: Dodged            |    18 |    56 |   205 |   136 ||   415
